AoeStats
← Graund

Arena

510155263Analyzed
4v4 RM · 20h ago on Sep 29, 2026· 74m 10s· 8 players
Game mode
Random Map
Map size
Large (8 player)
Population
200
Speed
Normal
Resources
Standard
Victory
Conquest
Starting age
Dark Age
Ending age
Imperial Age
RankedLock teamsTeams togetherTeam positionsShared explorationLock speedFull tech treeHidden civsTurbo modeCheats
Victory
Defeat
🇫🇷 Mongols · France
979
+16
🇨🇳 Italians · China
975
+16
🇯🇵 Franks · Japan
965
+17
🇹🇷 Burgundians · Türkiye
964
+17
🇹🇷 Turks · Türkiye
1012
-18
🇲🇽 Goths · Mexico
1005
-17
🇹🇷 Poles · Türkiye
991
-17
🇹🇷 Cumans · Türkiye
923
-14
Aya
9:39 Loom
12:01 Feudal Age
15:38 Castle Age
13:27 Double-Bit Axe
13:50 Horse Collar
17:08 Bow Saw
17:01 Heavy Plow
23:26 Wheelbarrow
25:14 Stone Mining
25:17 Gold Mining
27:17 Hand Cart
27:40 Stone Shaft Mining
30:50 Imperial Age
29:40 Padded Archer Armor
29:30 Fletching
31:12 Bodkin Arrow
31:32 Leather Archer Armor
31:03 Treadmill Crane
31:44 Ballistics
31:57 Bracer
32:20 Conscription
33:10 Chemistry
34:16 Thumb Ring
34:44 Ring Archer Armor
33:37 Elite Genoese Crossbowman
Siller
11:04 Feudal Age
15:03 Castle Age
14:09 Double-Bit Axe
19:16 Gold Mining
19:18 Stone Mining
21:18 Fletching
22:41 Horse Collar
25:17 Bodkin Arrow
27:30 Padded Archer Armor
27:57 Bloodlines
27:49 Husbandry
28:56 Wheelbarrow
33:28 Imperial Age
32:28 Ballistics
32:23 Thumb Ring
35:23 Conscription
35:39 Forging
35:33 Bracer
36:53 Chemistry
37:16 Parthian Tactics
38:39 Light Cavalry
40:49 Elite Mangudai
43:24 Iron Casting
42:56 Scale Barding Armor
42:58 Hussar
45:06 Murder Holes
46:39 Blast Furnace
kagemusha
4:18 Loom
10:54 Feudal Age
15:34 Castle Age
14:40 Double-Bit Axe
17:13 Wheelbarrow
17:54 Loom
18:06 Pikeman
19:49 Hand Cart
22:48 Bow Saw
23:43 Gold Mining
25:19 Stone Mining
27:04 Town Watch
27:50 Fletching
33:05 Imperial Age
30:51 Scale Barding Armor
30:57 Forging
31:22 Husbandry
34:21 Conscription
34:08 Cavalier
35:43 Paladin
36:24 Halberdier
39:14 Scale Mail Armor
39:26 Squires
39:11 Arson
40:25 Iron Casting
42:21 Blast Furnace
41:39 Chain Mail Armor
50:43 Murder Holes
51:09 Ballistics
52:02 Plate Mail Armor
51:56 Chain Barding Armor
53:24 Light Cavalry
56:14 Gambesons
57:12 Plate Barding Armor
60:38 Capped Ram
squeezecheese21
4:56 Wheelbarrow
13:24 Feudal Age
11:57 Horse Collar
12:04 Double-Bit Axe
15:09 Heavy Plow
15:54 Bow Saw
16:54 Stone Mining
17:17 Gold Mining
18:36 Hand Cart
18:45 Town Watch
20:29 Stone Shaft Mining
20:30 Gold Shaft Mining
22:36 Castle Age
20:56 Forging
21:32 Scale Barding Armor
24:42 Iron Casting
24:29 Chain Barding Armor
25:28 Two-Man Saw
25:01 Crop Rotation
25:22 Husbandry
25:11 Light Cavalry
26:59 Fletching
29:26 Fortified Wall
31:24 Treadmill Crane
32:57 Masonry
32:56 Bodkin Arrow
38:10 Imperial Age
35:28 Loom
37:20 Burgundian Vineyards
38:08 Padded Archer Armor
38:17 Elite Coustillier
40:04 Plate Barding Armor
40:29 Blast Furnace
40:22 Conscription
42:39 Scale Mail Armor
42:33 Pikeman
43:14 Squires
43:06 Halberdier
45:55 Chain Mail Armor
46:06 Man-at-Arms
50:29 Chemistry
50:37 Plate Mail Armor
51:48 Leather Archer Armor
53:50 Bombard Tower
55:13 Bracer
55:23 Capped Ram
59:02 Architecture
58:56 Ballistics
aydede86
0:27 Loom
11:33 Feudal Age
16:16 Castle Age
15:09 Double-Bit Axe
16:26 Horse Collar
18:57 Wheelbarrow
19:20 Bow Saw
20:09 Fletching
23:26 Hand Cart
25:04 Heavy Plow
30:38 Imperial Age
29:24 Bloodlines
30:26 Bodkin Arrow
30:32 Scale Mail Armor
30:43 Forging
35:55 Two-Man Saw
36:13 Chain Mail Armor
36:34 Iron Casting
39:33 Plate Mail Armor
44:04 Blast Furnace
42:39 Sappers
44:08 Bracer
44:23 Scale Barding Armor
45:35 Husbandry
58:04 Bombard Tower
Graund
12:03 Feudal Age
17:38 Castle Age
15:31 Man-at-Arms
17:07 Double-Bit Axe
23:15 Scale Mail Armor
27:13 Bow Saw
26:50 Horse Collar
27:31 Gold Mining
28:30 Stone Mining
34:50 Gold Shaft Mining
38:08 Wheelbarrow
38:49 Heavy Plow
42:21 Imperial Age
41:09 Hand Cart
41:43 Scale Barding Armor
41:54 Forging
42:16 Bloodlines
43:12 Chain Barding Armor
42:49 Elite Steppe Lancer
47:47 Iron Casting
51:27 Plate Barding Armor
50:27 Light Cavalry
53:02 Hussar
56:37 Blast Furnace
berker06ankara
10:33 Feudal Age
15:17 Castle Age
13:30 Horse Collar
14:05 Double-Bit Axe
15:53 Wheelbarrow
16:12 Bow Saw
16:49 Heavy Plow
19:18 Stone Mining
23:58 Hand Cart
25:14 Szlachta Privileges
26:26 Forging
27:12 Bloodlines
27:10 Scale Barding Armor
27:01 Gold Mining
27:34 Husbandry
27:28 Fletching
28:24 Scale Mail Armor
29:20 Iron Casting
32:23 Imperial Age
30:34 Padded Archer Armor
32:11 Fortified Wall
32:27 Cavalier
33:29 Chain Barding Armor
34:12 Blast Furnace
34:14 Chemistry
34:58 Conscription
34:39 Scale Mail Armor
36:31 Leather Archer Armor
36:40 Lechitic Legacy
38:28 Ballistics
38:07 Bodkin Arrow
41:08 Elite Obuch
42:23 Chain Mail Armor
42:09 Bracer
50:12 Light Cavalry
56:02 Winged Hussar
63:27 Plate Mail Armor
63:00 Elite Skirmisher
63:48 Thumb Ring
glitter
12:57 Feudal Age
11:29 Loom
13:18 Feudal Age
17:08 Castle Age
14:51 Man-at-Arms
17:16 Wheelbarrow
17:15 Double-Bit Axe
17:32 Long Swordsman
18:34 Forging
18:36 Squires
18:43 Loom
21:01 Iron Casting
21:10 Town Watch
22:14 Scale Mail Armor
22:39 Bow Saw
22:20 Horse Collar
24:19 Chain Mail Armor
26:08 Hand Cart
27:29 Heavy Plow
27:57 Gold Mining
28:35 Anarchy
28:46 Town Patrol
33:59 Imperial Age
32:11 Stone Mining
35:44 Two-Man Saw
35:15 Crop Rotation
35:14 Conscription
35:07 Perfusion
35:13 Elite Huskarl
38:30 Blast Furnace
46:54 Pikeman
55:10 Halberdier
62:25 Caravan
65:45 Two-Handed Swordsman
72:00 Champion
Connection lost

Rejoining the realm…

Still unreachable

The connection could not be restored.

Session expired

The server has moved on; the page needs a fresh start.